 Dungeon Sprint DCSS version 0.22.1-1-ga44c0e56f4 (webtiles) character file.

2324 MuseOD the Unseen (level 9, -4/45 (48) HPs)
             Began as a Spriggan Enchanter on Sept 22, 2018.
             Was a Priest of Dithmenos.
             Slain by a kraken (49 damage)
             ... in the Dungeon (Sprint II: "The Violet Keep of Menkaure").
             The game lasted 00:04:02 (1187 turns).

MuseOD the Unseen (Spriggan Enchanter)              Turns: 1187, Time: 00:04:02

HP:   -4/45 (48)    AC:  2    Str:  4    XL:     9   Next: 19%
MP:   23/24         EV: 18    Int: 19    God:    Dithmenos [***...]
Gold: 581           SH:  0    Dex: 17    Spells: 19/28 levels left

rFire    . . .     SeeInvis +   a - +1 dagger
rCold    . . .     Gourm    .   (shield restricted)
rNeg     . . .     Faith    .   b - +0 robe
rPois    .         Spirit   .   (helmet restricted)
rElec    .         Reflect  .   (no cloak)
rCorr    .         Harm     .   (gloves unavailable)
MR       +....     NoTele   +   (boots unavailable)
Stlth    +++++++++.             (no amulet)
HPRegen  0.15/turn              (no ring)
MPRegen  0.19/turn              (no ring)

@: wreathed by umbra, very quick
A: very small, unfitting armour, see invisible, herbivore, speed 3, slow
metabolism 2
a: Shadow Step, Renounce Religion


You were in the Dungeon.
You worshipped Dithmenos.
Dithmenos was most pleased with you.
You were not hungry.

You visited 1 branch You collected 891 gold pieces.
You spent 310 gold pieces at shops.

Inventory:

Hand Weapons
 a - a +1 dagger (weapon)
Armour
 b - a +0 robe (worn)
Scrolls
 j - a scroll of blinking
Potions
 c - 3 potions of heal wounds
 e - 3 potions of curing
 f - a potion of haste
 h - 2 potions of magic
Comestibles
 d - a ration


   Skills:
 - Level 5.8 Fighting
 + Level 11.8 Short Blades
 - Level 3.0 Dodging
 + Level 17.2 Stealth
 - Level 10.3 Spellcasting
 - Level 10.6 Hexes


You had 19 spell levels left.
You knew the following spells:

 Your Spells              Type           Power        Failure   Level  Hunger
a - Corona                Hex            ######.      1%          1    None
b - Ensorcelled Hibernat  Hex/Ice        ####..       1%          2    None
c - Confuse               Hex            ######..     1%          3    None
d - Dazzling Spray        Conj/Hex       ####..       2%          3    None

Your spell library contained the following spells:

 Spells                   Type           Power        Failure   Level  Hunger
 Tukima's Dance           Hex            ######..     1%          3    None


Dungeon Overview and Level Annotations

Branches:
Dungeon (1/1)

Altars:
Cheibriados
Dithmenos
Elyvilon
Fedhas
Gozag
Hepliaklqana
Kikubaaqudgha
Makhleb
Nemelex Xobeh
Okawaru
Qazlal
Ru
Sif Muna
Trog
Uskayaw
Vehumet
Wu Jian
Xom
Yredelemnul
Zin
The Shining One
Beogh
Jiyva
Lugonu

Shops:
D %[:!?![(=}=*::[%

Annotations:
D exclusion: oklob plant


Innate Abilities, Weirdness & Mutations

You are very small and have problems with some larger weapons.
You are too small for most types of armour.
You have supernaturally acute eyesight. (SInv)
You are a herbivore.
You cover ground extremely quickly.
You need to consume almost no food.


Message History

You hit the kraken but do no damage.
The kraken is moderately wounded.
You hit the kraken but do no damage.
The kraken is moderately wounded.
You catch the helpless kraken completely off-guard!
You stick the kraken like a pincushion!!!
The kraken is heavily wounded.
You strike the helpless kraken from behind!
You stick the kraken like a pincushion!!!
The kraken is severely wounded.
You hit the kraken but do no damage.
The kraken is severely wounded.
Why would you want to do that? Why would you want to do that?
You hit the kraken but do no damage.
The kraken is severely wounded.
Why would you want to do that? The kraken bites you!!!
Ouch! That really hurt!
You die...

.##k )▓)$)?$($!▓▓
...####▓?!?[("%?▓▓
#..##.#▓%=?[!!!!▓▓
'..#.)#▓($)?([($▓▓
#..#..#▓?$)?$[(!▓▓
#.^##(#▓[?%?((([▓▓
##...##▓▓▓▓▓▓▓'▓▓▓▓+▓
.≈≈≈≈≈≈≈≈≈≈≈≈≈...≈≈≈▓
.≈#+########+###@≈≈≈▓
.≈#._._._..#t§≈##X≈≈▓
.≈#.._._._.#§≈≈§ ###▓
≈≈#._._._._#§§§≈
≈§#_._._._.#≈§≈§§
§≈#._._._..#§§§≈
≈≈#_._._...#§§§§≈
≈≈#._._....#§§≈≈
≈§#_._.....#§§§≈


You could see a kraken (confused).

Vanquished Creatures
  A yaktaur (D)
  3 polar bears (D)
  A hornet (D)
  5 hippogriffs (D)
  Menkaure (D)
  4 necrophages (D)
  4 worker ants (D)
  3 worms (D)
22 creatures vanquished.

Vanquished Creatures (others)
  A crocodile (D)
1 creature vanquished.

Grand Total: 23 creatures vanquished

Notes
Turn   | Place    | Note
-------+----------+-------------------------------------------
     0 | D        | MuseOD the Spriggan Enchanter began the quest for the Orb.
     0 | D        | Reached XP level 1. HP: 9/9 MP: 5/5
     4 | D        | Noticed a necrophage
     4 | D        | Noticed a necrophage
     4 | D        | Noticed a necrophage
     4 | D        | Noticed a necrophage
    19 | D        | Killed a necrophage
    19 | D        | Reached skill level 8 in Stealth
    19 | D        | Reached XP level 2. HP: 15/16 MP: 6/6
    19 | D        | Reached XP level 3. HP: 19/20 MP: 8/8
    19 | D        | Reached XP level 4. HP: 23/24 MP: 9/9
    23 | D        | Killed a necrophage
    23 | D        | Reached skill level 9 in Stealth
    23 | D        | Reached XP level 5. HP: 28/29 MP: 10/10
    31 | D        | Killed a necrophage
    31 | D        | Reached skill level 10 in Stealth
   103 | D        | Killed a necrophage
   103 | D        | Reached skill level 5 in Fighting
   103 | D        | Reached skill level 10 in Short Blades
   103 | D        | Reached skill level 11 in Stealth
   103 | D        | Reached XP level 6. HP: 11/32 MP: 11/11
   107 | D        | Learned a level 2 spell: Ensorcelled Hibernation
   111 | D        | Learned a level 3 spell: Confuse
   128 | D        | Found Tusais's Book Shoppe.
   128 | D        | Found Loavvis's Armour Shoppe.
   128 | D        | Found Weommyge's Assorted Antiques.
   128 | D        | Found Hekhlaf's Book Emporium.
   128 | D        | Found Cuary's Gadget Shoppe.
   128 | D        | Found Katieb's Jewellery Shoppe.
   129 | D        | Found Bizumyhi's Jewellery Shoppe.
   129 | D        | Found Imymeot's Antique Weapon Emporium.
   130 | D        | Found Budghoda's Antique Armour Shoppe.
   130 | D        | Found Qoyx's Distillery.
   131 | D        | Found Ungek's Food Emporium.
   132 | D        | Found Koeblaol's Magic Scroll Shoppe.
   132 | D        | Found Jiatiece's Distillery.
   132 | D        | Noticed Menkaure
   132 | D        | Noticed an iron elemental
   132 | D        | Noticed an oklob plant
   133 | D        | Found Uduut's Food Emporium.
   133 | D        | Found Leisymur's Antique Armour Shoppe.
   133 | D        | Found Genirot's Book Shoppe.
   139 | D        | Learned a level 3 spell: Dazzling Spray
   145 | D        | Noticed a slime creature
   155 | D        | Noticed a slime creature
   156 | D        | Bought a potion of curing for 30 gold pieces
   156 | D        | Bought a potion of heal wounds for 50 gold pieces
   156 | D        | Bought a potion of haste for 100 gold pieces
   156 | D        | Bought a potion of heal wounds for 50 gold pieces
   156 | D        | Bought a potion of heal wounds for 50 gold pieces
   156 | D        | Bought a potion of curing for 30 gold pieces
   157 | D        | Noticed an ice dragon
   166 | D        | Killed Menkaure
   166 | D        | Reached skill level 12 in Stealth
   166 | D        | Reached XP level 7. HP: 13/36 MP: 5/14
   182 | D        | Reached skill level 5 in Hexes
   193 | D        | Found a glowing silver altar of Zin.
   194 | D        | Found a glowing golden altar of the Shining One.
   194 | D        | Found a basalt altar of Yredelemnul.
   194 | D        | Found a hide-covered altar of Uskayaw.
   195 | D        | Found a shimmering altar of Xom.
   195 | D        | Found a bloodstained altar of Trog.
   196 | D        | Found an ornate altar of the Wu Jian Council.
   196 | D        | Found a deep blue altar of Sif Muna.
   196 | D        | Found a corrupted altar of Lugonu.
   196 | D        | Found a radiant altar of Vehumet.
   196 | D        | Found a burning altar of Makhleb.
   197 | D        | Found a sacrificial altar of Ru.
   197 | D        | Found an ancient bone altar of Kikubaaqudgha.
   197 | D        | Found a white marble altar of Elyvilon.
   198 | D        | Found a stormy altar of Qazlal.
   198 | D        | Found a viscous altar of Jiyva.
   198 | D        | Found a shadowy altar of Dithmenos.
   199 | D        | Found a hazy altar of Hepliaklqana.
   199 | D        | Found a snail-covered altar of Cheibriados.
   201 | D        | Found a roughly hewn altar of Beogh.
   201 | D        | Found a sparkling altar of Nemelex Xobeh.
   201 | D        | Found a blossoming altar of Fedhas.
   202 | D        | Found an opulent altar of Gozag.
   202 | D        | Found an iron altar of Okawaru.
   207 | D        | Became a worshipper of Dithmenos the Shadowed
   218 | D        | Noticed a hippogriff
   219 | D        | Noticed a hippogriff
   219 | D        | Noticed a hippogriff
   222 | D        | Killed a hippogriff
   222 | D        | Reached skill level 13 in Stealth
   231 | D        | Killed a hippogriff
   231 | D        | Reached skill level 14 in Stealth
   235 | D        | Killed a hippogriff
   235 | D        | Reached * piety under Dithmenos
   235 | D        | Reached XP level 8. HP: 15/41 MP: 0/20
   396 | D        | Noticed a yaktaur
   396 | D        | Noticed a hornet
   396 | D        | Noticed a polar bear
   397 | D        | Noticed a polar bear
   397 | D        | Noticed a polar bear
   398 | D        | Killed a polar bear
   399 | D        | Killed a polar bear
   399 | D        | Reached skill level 15 in Stealth
   412 | D        | HP: 2/41 [yaktaur/bolt (26)]
   424 | D        | Killed a yaktaur
   424 | D        | Reached ** piety under Dithmenos
   424 | D        | Reached skill level 10 in Hexes
   427 | D        | Killed a hornet
   427 | D        | Reached skill level 16 in Stealth
   427 | D        | Reached skill level 10 in Spellcasting
   435 | D        | Killed a polar bear
   435 | D        | Reached XP level 9. HP: 4/45 MP: 9/24
   880 | D        | Reached *** piety under Dithmenos
   880 | D        | Reached skill level 17 in Stealth
  1151 | D        | Noticed a death drake
  1155 | D        | Noticed a crystal guardian
  1166 | D        | Noticed a kraken
  1187 | D        | Slain by a kraken

Skill      XL: |  1  2  3  4  5  6  7  8  9 |
---------------+----------------------------+-----
Fighting       | 3 4 5 |  5.8
Short Blades   | 6 8 10 11 | 11.8
Stealth        | 8 9 11 12 14 16 17 | 17.2
Spellcasting   | 4 7 10 | 10.3
Hexes          | 4 8 10 | 10.6
Dodging        | |  3.0

Action                   |  1- 3 |  4- 6 |  7- 9 || total
-------------------------+-------+-------+-------++-------
Melee: Dagger            |    10 |    65 |    42 ||   117
 Cast: Ensorcelled Hiber |       |     2 |    11 ||    13
       Confuse           |       |     2 |     8 ||    10
  Use: Potion            |     1 |     2 |       ||     3
 Stab: Sleeping          |     1 |     4 |     9 ||    14
       Confused          |       |     1 |     8 ||     9
Armor: Robe              |     1 |     3 |     4 ||     8
Dodge: Dodged            |     8 |    25 |    27 ||    60
